 Dungeon Crawl Stone Soup version 0.27.1-1-g398f81649c (webtiles) character file.

Game seed: 6188039139138099233

641 Borgoz the Slasher (level 7, -2/82 HPs)
             Began as a Human Berserker on Sept 20, 2021.
             Was a Believer of Trog.
             Slain by a howler monkey (5 damage)
             ... on level 7 of the Dungeon.
             The game lasted 00:04:02 (3605 turns).

Borgoz the Slasher (Human Berserker)                Turns: 3605, Time: 00:04:02

Health: -2/82      AC: 11    Str: 18    XL:     7   Next: 81%
Magic:  7/7        EV: 12    Int:  7    God:    Trog [**....]
Gold:   147        SH:  0    Dex: 14    Spells: 6/6 levels left

rFire    + . .     SeeInvis .   a - +0 falchion
rCold    . . .     Faith    .   (no shield)
rNeg     . . .     Spirit   .   g - +0 ring mail
rPois    .         Reflect  .   (no helmet)
rElec    .         Harm     .   (no cloak)
rCorr    .         Rampage  .   (no gloves)
Will     .....                  k - +0 pair of boots
Stlth    ..........             (no amulet)
HPRegen  0.23/turn              e - ring of protection from fire
MPRegen  0.10/turn              o - +4 ring of protection

@: berserking (expiring), lethally poisoned (-2 -> -9), very quick
A: no striking features
a: Renounce Religion, Berserk, Trog's Hand


You were on level 7 of the Dungeon.
You worshipped Trog.
Trog was pleased with you.
You visited 2 branches of the dungeon, and saw 7 of its levels.

You collected 147 gold pieces.

Inventory:

Hand Weapons
 a - a +0 falchion (weapon)
Armour
 g - a +0 ring mail (worn)
 k - a +0 pair of boots (worn)
Jewellery
 e - a ring of protection from fire (left hand)
 j - a ring of positive energy
 o - a +4 ring of protection (right hand)
Scrolls
 b - a scroll of immolation {unknown}
 d - 2 scrolls of teleportation {unknown}
 i - a scroll of magic mapping {unknown}
 m - a scroll of noise {unknown}
 q - a scroll of vulnerability {unknown}
 r - 2 scrolls of identify
Potions
 c - 3 potions of attraction
 f - a potion of ambrosia
 h - a potion of lignification {unknown}
 l - a potion of heal wounds {unknown}
 n - a potion of curing {unknown}
 p - a potion of mutation


   Skills:
 + Level 4.4 Fighting
 * Level 5.4 Long Blades
 * Level 4.8 Armour
 + Level 3.6 Dodging


You had 6 spell levels left.
You didn't know any spells.
Your spell library was empty.

Dungeon Overview and Level Annotations

Branches:
Dungeon (5/15)             Temple (1/1) D:4

Altars:
Ashenzari
Cheibriados
Dithmenos
Elyvilon
Fedhas
Gozag
Hepliaklqana
Nemelex Xobeh
Okawaru
Qazlal
Trog
Uskayaw
Xom
Yredelemnul
Zin

Shops:
D:4 [


Message History

You feel very sick.
The howler monkey hits you but does no damage.
The howler monkey hoots and howls with incredible vigour!
The water moccasin bites you but does no damage.
You closely miss the water moccasin.
The water moccasin is moderately wounded.
You feel very sick. The ice beast hits you. The ice beast freezes you!
The howler monkey hits you but does no damage.
The howler monkey completely misses you.
The water moccasin bites you but does no damage.
You slash the water moccasin!
The water moccasin is almost dead.
You feel very sick.
The ice beast hits you but does no damage.
The water moccasin closely misses you. The howler monkey hits you.
* * * LOW HITPOINT WARNING * * *
The howler monkey closely misses you.
The howler monkey hoots and howls with incredible vigour!
You slash the water moccasin!
You kill the water moccasin!
Trog accepts your kill.
* * * LOW HITPOINT WARNING * * *
You feel very sick.
The howler monkey hoots and howls with incredible vigour!
You hit the ice beast but do no damage.
You feel sick. The ice beast closely misses you.
You barely miss the ice beast.
You feel sick.
The howler monkey completely misses you.
The howler monkey hits you but does no damage.
The howler monkey hits you.
* * * LOW HITPOINT WARNING * * *
The ice beast hits you but does no damage.
You hit the ice beast.
The ice beast is lightly wounded.
* * * LOW HITPOINT WARNING * * *
You feel sick. The howler monkey hits you.
* * * LOW HITPOINT WARNING * * *
The howler monkey closely misses you. The howler monkey hits you.
You die...

..# #..##(......
#######...##+#yZ.#
#..........#.##S##
#.............#o#.
#.###..........#.##5##
#.............>...###.
#####........Yhh...#..
#.........@h......
#......<.#####.#..
##########


You could see a water moccasin, an ice beast, 3 howler monkeys, a killer bee, an
orc priest, a white imp and a wyvern zombie.

Vanquished Creatures
  Sigmund (D:2)
  A water moccasin (D:7)
  2 necrophages (D:4)
  A phantom (D:4)
  A centaur skeleton (D:4)
  4 adders
  An adder skeleton (D:4)
  A dart slug (D:1)
  4 orcs
  5 ball pythons
  8 endoplasms
  5 giant cockroaches
  4 goblins
  5 hobgoblins
  5 jackals (D:1)
  2 quokkas (D:3)
  4 frilled lizards
  8 kobolds
  5 rats
67 creatures vanquished.

Notes
Turn   | Place    | Note
-------+----------+-------------------------------------------
     0 | D:1      | Borgoz the Human Berserker began the quest for the Orb.
     0 | D:1      | Reached XP level 1. HP: 18/18 MP: 1/1
     3 | D:1      | Noticed an electric eel
     4 | D:1      | Noticed an electric eel
    38 | D:1      | Found a faded altar of an unknown god.
    67 | D:1      | Reached XP level 2. HP: 24/24 MP: 2/2
   492 | D:1      | Reached XP level 3. HP: 29/29 MP: 3/3
  1037 | D:2      | Noticed Sigmund
  1048 | D:2      | Killed Sigmund
  1049 | D:2      | Reached skill level 4 in Long Blades
  1049 | D:2      | Reached XP level 4. HP: 37/37 MP: 4/4
  1049 | D:2      | Reached XP level 5. HP: 42/42 MP: 5/5
  1491 | D:2      | Reached XP level 6. HP: 47/48 MP: 6/6
  1669 | D:3      | Reached ** piety under Trog
  2569 | D:4      | Found a staircase to the Ecumenical Temple.
  2852 | D:4      | Found Doutaitil's Armour Boutique.
  2866 | D:4      | Noticed a necrophage
  2885 | D:4      | Killed a necrophage
  2886 | D:4      | Reached XP level 7. HP: 39/54 MP: 7/7
  3131 | D:4      | Reached skill level 5 in Long Blades
  3444 | Temple   | Entered the Ecumenical Temple
  3526 | D:5      | Entered Level 5 of the Dungeon
  3570 | D:5      | You fall into a shaft and drop 2 floors!
  3578 | D:7      | Noticed a water moccasin
  3584 | D:7      | Noticed a water moccasin
  3602 | D:7      | Killed a water moccasin
  3605 | D:7      | HP: 3/82 [howler monkey (3)]
  3605 | D:7      | Slain by a howler monkey

Illustrated notes

Levels and vault maps discovered:
D:1:      arrival_aquarium_b, layout_basic, chequers_ecumenical_altar_island
D:2:      layout_basic, uniq_sigmund
D:3:      layout_loops_cross, kennysheep_cross_bottleneck,
          minmay_misc_feat_more_columns
D:4:      layout_cave_pools, minmay_temple_entry_grid, serial_shops,
          nicolae_shop_statue_plus, chequers_serial_rivers_micro_e,
          hangedman_decor_lopped
D:5:      layout_gridville, nicolae_wu_jian_wuxing_cycle,
          minmay_a_box_with_orc_wizards_in_it
D:7:      minmay_inner_zag, layout_basic, minmay_fractal_squares_gapless_5,
          uniq_maggie
Temple:   eino_wide_crystal_templ

Skill      XL: |  1  2  3  4  5  6  7 |
---------------+----------------------+-----
Long Blades    | 4 5 |  5.4
Armour         | 3 4 |  4.8
Dodging        | 3 |  3.6
Fighting       | 4 |  4.4

Action                   |  1- 3 |  4- 6 |  7- 9 || total
-------------------------+-------+-------+-------++-------
Melee: Falchion          |    68 |   159 |    55 ||   282
Invok: Berserk           |     2 |       |     1 ||     3
  Use: Scroll            |       |     3 |       ||     3
 Stab: Sleeping          |     2 |       |       ||     2
Armor: Animal skin       |     6 |       |       ||     6
       Ring mail         |       |    72 |    30 ||   102
Dodge: Dodged            |    68 |   120 |    44 ||   232
       Rpst.: Falchion   |    21 |    33 |    10 ||    64
